Map: [ESL] Waterfall

Players

GuMiho

  • Race: Terran Terran
  • Spawn Location: 7:00

HeroMarine - Winner!

  • Race: Terran Terran
  • Spawn Location: 1:00

Event: DreamHack SC2 Masters 2022 Atlanta (Offline)

VOD

Have the link to the VOD?

Description

Time

  • Played on: Nov. 19, 2022, 9:12 a.m.
  • Length: 11:38

All games in this series

Show
View Real Time Build Order
Export as new Build Order

GuMiho Terran 

Build Orders:  

Get SALT Encoding   

  12  0:00  SCV  
  13  0:12  SCV  
  14  0:16  Supply Depot  
  14  0:24  SCV  
  15  0:38  SCV  
  15  0:39  Barracks  
  16  0:44  Refinery  
  16  0:50  SCV  
  16  0:53  Refinery  
  17  1:02  SCV  
  18  1:14  SCV  
  19  1:26  Orbital Command  
  19  1:27  Reaper  
  19  1:31  Supply Depot  
  20  1:40  Factory  
  20  1:52  SCV  
  21  1:59  Reaper  
  22  2:04  SCV  
  23  2:16  SCV  
  23  2:21  Command Center  
  24  2:25  Hellion  
  24  2:28  SCV  
  27  2:31  Reaper  
  27  2:35  Supply Depot  
  28  2:40  SCV  
  29  2:47  Factory Tech Lab  
  29  2:53  SCV  
  29  2:54  Starport  
  30  3:03  Barracks Reactor  
  30  3:07  Cyclone  
  30  3:08  SCV  
  34  3:20  SCV  
  35  3:32  SCV  
  33  3:35  Refinery, Orbital Command  
  33  3:39  Cyclone  
  33  3:41  Marine x2  
  37  3:42  Medivac  
  37  3:46  SCV  
  40  3:58  Marine  
  40  3:59  SCV, Marine  
  40  4:02  SCV  
  44  4:07  Supply Depot  
  44  4:11  SCV, Siege Tank  
  44  4:12  Starport Tech Lab  
  44  4:15  Supply Depot  
  48  4:17  SCV  
  48  4:18  Marine  
  48  4:20  Marine  
  48  4:24  SCV  
  52  4:29  SCV  
  52  4:31  Raven  
  52  4:36  SCV, Marine  
  54  4:38  Marine  
  54  4:39  Supply Depot  
  55  4:47  Siege Tank  
  55  4:48  SCV x2  
  60  4:54  Marine  
  60  4:56  Marine  
  60  5:00  SCV x2  
  61  5:12  SCV x2, Marine  
  61  5:14  Raven, Marine  
  67  5:21  Supply Depot  
  67  5:24  SCV x2  
  67  5:28  Siege Tank  
  72  5:33  Marine x2  
  72  5:36  SCV x2  
  74  5:48  SCV x2  
  76  5:53  Command Center  
  76  5:55  Supply Depot  
  76  6:01  SCV x2, Siege Tank  
  81  6:06  Refinery, Stimpack  
  80  6:14  SCV x2, Barracks x2  
  80  6:18  Viking  
  84  6:21  Viking  
  86  6:26  SCV x2  
  86  6:31  Engineering Bay  
  86  6:32  Engineering Bay  
  88  6:37  Siege Tank  
  88  6:38  SCV  
  93  6:40  SCV  
  93  6:50  Barracks  
  93  6:53  SCV, Barracks  
  94  7:04  Viking x2, SCV  
  94  7:06  Marine x2  
  94  7:07  Marine  
  102  7:14  Siege Tank  
  96  7:15  SCV  
  96  7:16  SCV  
  95  7:23  SCV  
  95  7:25  Terran Infantry Armor Level 1, Terran Infantry Weapons Level 1  
  95  7:27  Barracks Reactor x2  
  95  7:28  SCV  
  97  7:31  Orbital Command  
  97  7:35  SCV  
  98  7:44  Medivac  
  98  7:46  Siege Tank  
  98  7:48  SCV x2  
  98  7:50  Supply Depot  
  98  7:51  Supply Depot  
  105  7:54  Barracks Reactor x2, Orbital Command  
  105  7:56  Marine  
  106  8:01  Combat Shield  
  106  8:02  Supply Depot  
  106  8:07  Refinery  
  106  8:08  SCV x2  
  106  8:10  Refinery  
  106  8:11  Marine  
  106  8:12  Marine x2  
  111  8:23  SCV x3  
  111  8:26  Marine x2  
  115  8:27  Sensor Tower  
  115  8:29  Siege Tank, Marine x2  
  120  8:35  SCV x3  
  120  8:36  Viking x2  
  127  8:45  Supply Depot x2  
  127  8:47  SCV x3  
  130  8:49  Marine  
  130  8:50  Armory  
  130  8:55  Marine x2  
  132  8:58  Marine x2  
  133  9:02  Marine  
  133  9:06  Medivac x2, Marine  
  133  9:08  Factory  
  138  9:11  Command Center  
  138  9:15  Supply Depot  
  138  9:17  Supply Depot  
  137  9:21  SCV x2  
  137  9:22  SCV  
  140  9:25  Supply Depot  
  140  9:28  Missile Turret  
  140  9:36  Viking x2, Siege Tank  
  147  9:39  Supply Depot  
  147  9:40  Marine x6  
  147  9:41  Supply Depot, Marine  
  147  9:43  Marine  
  147  9:45  Marine  
  155  10:08  SCV x3, Siege Tank  
  161  10:15  Starport  
  161  10:16  Starport  
  161  10:17  Factory Tech Lab  
  161  10:28  Sensor Tower  
  161  10:36  Viking x2  
  161  10:37  SCV  
  161  10:38  SCV x2  
  161  10:40  Missile Turret, Siege Tank  
  171  10:44  Marine x2  
  171  10:45  Marine x7  
  176  11:02  Marine x4  
  176  11:03  Marine x2  
  161  11:07  Marine x3  
Show
View Real Time Build Order
Export as new Build Order

HeroMarine Terran - Winner!

Build Orders:  

Get SALT Encoding   

  12  0:00  SCV  
  13  0:12  SCV  
  14  0:16  Supply Depot  
  14  0:24  SCV  
  15  0:38  SCV  
  15  0:40  Barracks  
  16  0:44  Refinery  
  16  0:50  SCV  
  16  0:53  Refinery  
  17  1:02  SCV  
  18  1:14  SCV  
  19  1:27  Reaper  
  19  1:29  Orbital Command  
  20  1:34  Supply Depot  
  20  1:43  Factory  
  20  1:55  SCV  
  20  1:59  Reaper  
  22  2:07  SCV  
  23  2:18  Command Center  
  23  2:19  SCV  
  24  2:27  Hellion  
  26  2:31  Reaper, SCV  
  26  2:37  Supply Depot  
  28  2:43  SCV  
  29  2:48  Widow Mine  
  31  2:51  Starport  
  32  2:58  SCV  
  32  3:03  Barracks Reactor  
  32  3:06  Barracks Tech Lab  
  32  3:09  Factory Tech Lab  
  32  3:10  SCV  
  33  3:15  Refinery  
  33  3:22  SCV  
  34  3:28  Cyclone  
  37  3:36  Banshee  
  37  3:38  SCV  
  37  3:41  Orbital Command  
  40  3:50  SCV  
  41  3:56  Barracks Reactor  
  41  4:02  SCV  
  45  4:06  Siege Tank  
  45  4:07  SCV  
  45  4:09  Supply Depot  
  46  4:14  SCV  
  47  4:19  SCV  
  47  4:22  Raven  
  50  4:26  SCV  
  49  4:32  SCV  
  49  4:35  Marine  
  49  4:36  Marine  
  52  4:38  SCV  
  52  4:41  Command Center  
  52  4:44  SCV  
  54  4:47  Supply Depot  
  54  4:50  SCV, Siege Tank  
  58  4:56  SCV  
  59  5:03  SCV  
  59  5:05  Marine x2  
  59  5:07  Raven  
  59  5:08  SCV  
  62  5:15  SCV  
  62  5:20  SCV  
  64  5:22  Siege Tank  
  64  5:26  Refinery, Marine  
  64  5:27  Supply Depot, SCV, Marine  
  70  5:43  Barracks  
  70  5:45  Barracks  
  70  5:48  SCV x2  
  72  5:53  Orbital Command  
  72  5:56  Viking x2  
  76  5:57  Siege Tank  
  76  5:58  Marine  
  76  6:00  SCV x2  
  82  6:09  Engineering Bay x2  
  82  6:10  Supply Depot  
  82  6:12  SCV x2  
  84  6:22  Orbital Command  
  84  6:24  SCV x2  
  86  6:26  Viking x2  
  86  6:32  Barracks Reactor x2  
  90  6:37  SCV x2, Marine  
  93  6:43  Siege Tank  
  93  6:46  Supply Depot  
  96  6:47  Supply Depot  
  96  6:49  SCV x2, Terran Infantry Armor Level 1, Terran Infantry Weapons Level 1  
  96  6:51  SCV  
  99  6:54  Supply Depot  
  99  6:59  Marine  
  99  7:01  SCV x2  
  101  7:03  SCV  
  101  7:08  Sensor Tower  
  101  7:11  Marine  
  101  7:13  SCV x2  
  101  7:15  SCV, Siege Tank  
  107  7:25  Refinery, SCV x2, Viking x2  
  107  7:28  Supply Depot  
  107  7:29  Missile Turret  
  113  7:33  SCV, Marine x4  
  113  7:34  Marine  
  119  7:37  Refinery, Combat Shield, SCV  
  119  7:38  SCV  
  119  7:50  Siege Tank  
  119  7:51  Marine x5  
  124  7:52  SCV x2  
  131  7:59  Medivac  
  131  8:00  Barracks, Medivac  
  131  8:01  Barracks  
  133  8:13  Supply Depot x3, Marine x5  
  133  8:17  Missile Turret  
  138  8:20  SCV  
  138  8:24  Supply Depot  
  141  8:31  SCV, Marine  
  141  8:32  Command Center  
  141  8:34  Siege Tank, Marine x4  
  141  8:36  Viking x2  
  152  8:41  Armory  
  152  8:42  Supply Depot  
  152  8:49  Marine  
  152  8:51  Barracks Reactor  
  152  8:52  Barracks Reactor, Marine  
  152  8:55  SCV x3  
  157  8:56  Stimpack  
  157  8:59  Marine x2  
  157  9:00  Marine  
  160  9:06  Siege Tank, Marine  
  160  9:07  Viking  
  160  9:08  Viking  
  168  9:13  SCV x3  
  168  9:17  Marine x3  
  168  9:19  Missile Turret  
  168  9:22  Marine  
  172  9:24  Marine  
  172  9:29  Terran Vehicle Weapons Level 1  
  172  9:30  Marine x3  
  176  9:33  Marine  
  176  9:35  Marine  
  176  9:37  Supply Depot, Medivac  
  180  9:41  Marine  
  180  9:42  Marine  
  180  9:43  Supply Depot, Medivac  
  184  9:45  SCV  
  184  9:46  SCV x2  
  184  9:49  Marine  
  184  9:50  Marine  
  189  9:54  Marine  
  189  9:55  Marine x2  
  189  9:56  Marine  
  189  9:58  Refinery  
  189  9:59  Refinery, SCV  
  193  10:03  Siege Tank  
  193  10:04  Factory, Marine x2  
  198  10:07  Medivac, Starport  
  198  10:11  Starport  
  198  10:12  Planetary Fortress  
  199  10:24  SCV  
  200  10:28  Sensor Tower  
  197  10:35  Command Center  
  197  10:39  Command Center  
  196  10:45  Siege Tank  
  196  10:47  Starport Tech Lab x2  
  199  10:57  Barracks Reactor  
  167  11:06  Marine x2  
  167  11:07  Marine x2  
  167  11:08  Marine x2  
  167  11:10  Marine x2  
Tags
 
Add a new tag
Caveats
  • Supply blocks, unpowered buildings, or Contaminate may cause inaccurate times.
  • Supply counts are checked every 10 seconds.